 Dungeon Crawl Stone Soup version 0.17-a0-1337-ge651487 (webtiles) character file.

591 lexx2503 the Shield-Bearer (level 7, -5/54 HPs)
             Began as a Human Fighter on June 10, 2015.
             Slain by an orc wizard
             ... wielding a +1 dagger of electrocution
              (11 damage)
             ... on level 4 of the Dungeon.
             The game lasted 00:34:45 (4130 turns).

lexx2503 the Shield-Bearer (Human Fighter)          Turns: 4130, Time: 00:34:45

Health: -5/54      AC: 12    Str: 17    XL:     7   Next: 66%
Magic:  7/7        EV:  6    Int:  9    God:
Gold:   209        SH:  9    Dex: 13    Spells: 0 memorised, 6 levels left

rFire  . . .     SeeInvis .     a - +0 long sword
rCold  . . .     Clarity  .     G - +0 chain mail
rNeg   . . .     SustAt   .     c - +0 shield
rPois  .         Gourm    .     p - +0 helmet
rElec  .         Spirit   .     (no cloak)
rCorr  .         Warding  .     (no gloves)
rMut   .         Stasis   .     r - +0 pair of boots
MR     .....                    (no amulet)
Stlth  ..........               (no ring)
                                (no ring)

@: not resistant to hostile enchantments, extremely unstealthy
A: no striking features
a: no special abilities


You were on level 4 of the Dungeon.
You were not hungry.

You visited 1 branch of the dungeon, and saw 4 of its levels.

You collected 209 gold pieces.

Inventory:

Hand weapons
 a - a +0 long sword (weapon)
 f - a -1 hand axe
 g - a +0 whip
 j - a +0 hand axe
 k - a +0 short sword
 l - a +0 club
 q - a +0 dagger
 v - a +0 hunting sling
 x - a cursed -1 short sword
 I - a +0 falchion
 Q - a cursed -1 short sword
 S - a +0 flail
Missiles
 h - 14 arrows
 m - 110 stones (quivered)
 n - 15 sling bullets
 z - 4 tomahawks
 M - 10 poisoned needles
Armour
 b - a +0 scale mail
 c - a +0 shield (worn)
 p - a +0 helmet (worn)
 r - a +0 pair of boots (worn)
 t - a +0 scale mail
 u - a +0 robe of positive energy
 A - a +0 ring mail
 F - an ice dragon hide
 G - a +0 chain mail (worn)
Jewellery
 y - an uncursed amulet of the gourmand {unknown}
 D - an uncursed amulet of resist corrosion
 N - an uncursed amulet of faith {unknown}
Scrolls
 E - a scroll of remove curse
 J - a scroll of blinking {unknown}
 K - 2 scrolls of identify
 L - a scroll of enchant armour {unknown}
 P - a scroll of amnesia {unknown}
 R - 2 scrolls of teleportation
Potions
 d - 2 potions of might
 s - a potion of flight {unknown}
 w - a potion of degeneration {unknown}
 C - a potion of berserk rage {unknown}
Books
 O - a book of Enchantments

   Spells                             Type                      Level
   a - Cause Fear                     Hexes                        4
   b - Silence                        Hexes/Air                    5
   c - Deflect Missiles               Charms/Air                   6
   d - Haste                          Charms                       6
   e - Discord                        Hexes                        8
Comestibles
 e - 2 bread rations
 B - a slice of pizza
 H - 2 beef jerkies


   Skills:
 + Level 4.3 Fighting
 + Level 4.0 Long Blades
 + Level 4.5 Armour
 + Level 3.1 Dodging
 + Level 4.7 Shields


You had 6 spell levels left.
You didn't know any spells.

Dungeon Overview and Level Annotations

Branches:
Dungeon (4/15)
 Temple: D:4-7

Altars:
Cheibriados
Xom


Message History

You struggle to resist.
Something hits you but does no damage.
You closely miss the orc priest.
The orc priest is severely wounded.
You block the orc priest's attack. Something hits you but does no damage.
The orc priest hits you but does no damage.
Something hits you but does no damage.
You hit the orc priest.
The orc priest is severely wounded.
The orc priest hits you but does no damage.
Something hits you but does no damage.
Your chain mail prevents you from hitting the orc priest.
The orc priest is severely wounded.
The orc priest hits you but does no damage.
You block its attack. The orc priest barely misses you.
You closely miss the orc priest.
The orc priest is severely wounded.
Something hits you but does no damage.
The orc priest hits you but does no damage.
Something hits you but does no damage.
You are electrocuted!
You die...

#.........##..###...##..P....#
#.<....8..# #..#....###..###..
#.....P.8P# #...##.....## #..
#.........# #..###.###..# #.#
#.....88..## #..###.# #.###.#
#..........###..##..# #..#..#
#.#.####....##..##.######...##
#.#.# ###...#..#.........#.##
#.#.# #.#o@..#.........#).#
#...# #.#{#............#..#
#..## #...#...#........#...
###..#######..###...........#...
#..>.....#.)..# #...........#...
#......###'######.....#######...
#....###.....# #........# ##.8.
##...##.........##....88.#
##..##
.###.#..⌠...).⌠..#..#.8..# #...#


You could see an orc priest.

Vanquished Creatures
  A giant frog (D:3)
  A centaur zombie (D:4)
  A centaur skeleton (D:4)
  3 orc wizards
  4 giant frog zombies (D:4)
  A giant frog skeleton (D:4)
  A worker ant (D:4)
  7 adders
  An adder skeleton (D:4)
  An adder zombie (D:4)
  7 worms
  2 giant geckos (D:3)
  17 orcs
  A bat skeleton (D:4)
  5 giant cockroaches
  8 goblins
  6 hobgoblins
  2 jackals (D:1)
  2 ball pythons (D:3)
  A ball python skeleton (D:4)
  A ball python zombie (D:4)
  8 bats
  A giant gecko skeleton (D:4)
  5 giant newts
  8 kobolds
  2 quokkas (D:3)
  A quokka zombie (D:4)
  9 rats
107 creatures vanquished.

Notes
Turn   | Place    | Note
--------------------------------------------------------------
     0 | D:1      | lexx2503 the Human Fighter began the quest for the Orb.
     0 | D:1      | Reached XP level 1. HP: 18/18 MP: 1/1
   293 | D:1      | Reached XP level 2. HP: 24/24 MP: 2/2
  1099 | D:2      | Reached XP level 3. HP: 24/29 MP: 3/3
  1595 | D:3      | Reached XP level 4. HP: 31/36 MP: 4/4
  1649 | D:3      | Reached skill level 1 in Dodging
  1812 | D:3      | Reached XP level 5. HP: 12/42 MP: 5/5
  2635 | D:3      | Reached skill level 4 in Fighting
  2635 | D:3      | Reached XP level 6. HP: 27/48 MP: 6/6
  3151 | D:4      | Reached XP level 7. HP: 37/54 MP: 7/7
  3840 | D:4      | Found a shimmering altar of Xom.
  3840 | D:4      | Found a snail-covered altar of Cheibriados.
  3865 | D:4      | HP: 2/54 [orc wizard/puff of flame (4)]
  4130 | D:4      | Slain by an orc wizard

Vault maps used:
D:1:      scummos_arrival_simple_fountains, minmay_misc_feat_more_columns,
          feat_on_display
D:3:      minmay_misc_feat_square, kennysheep_generic_room_15
D:4:      gammafunk_temple_overflow_pools, serial_undead, serial_undead_f,
          serial_undead_b, serial_undead_c, serial_undead_c, serial_undead_c,
          serial_undead_e, serial_undead_a, serial_undead_c, first_bread

Action                   |  1- 3 |  4- 6 |  7- 9 || total
-------------------------+-------+-------+-------++-------
Melee: Long sword        |   124 |   243 |   212 ||   579
       Hand axe          |    20 |       |       ||    20
  Use: Scroll            |     3 |     3 |     1 ||     7
       Potion            |       |       |     3 ||     3
  Eat: Meat ration       |     1 |       |       ||     1
       Bread ration      |       |     1 |     1 ||     2
